 Dungeon Crawl Stone Soup version 0.29-a0-322-g68df515428 (webtiles) character file.

Game seed: 13383883300781204642

56 Hubjo the Magician (level 3, -6/21 HPs)
             Began as a Deep Elf Wanderer on Apr 8, 2022.
             Mangled by a worm (10 damage)
             ... on level 2 of the Dungeon.
             The game lasted 00:04:17 (2769 turns).

Hubjo the Magician (Deep Elf Wanderer)              Turns: 2769, Time: 00:04:17

Health: -6/21      AC:  5    Str:  9    XL:     3   Next: 71%
Magic:  9/11       EV: 11    Int: 17    God:
Gold:   88         SH:  0    Dex: 15    Spells: 9/11 levels left

rFire   + . .      SeeInvis .   a - +0 dagger
rCold   x . .      Faith    .   (no shield)
rNeg    . . .      Spirit   .   c - +0 ring mail
rPois   .          Reflect  .   (no helmet)
rElec   .          Harm     .   (no cloak)
rCorr   .          Rampage  .   (no gloves)
Will    .....                   (no boots)
Stlth   +.........              (no amulet)
HPRegen 0.07/turn               g - ring of fire
MPRegen 0.12/turn               (no ring)

@: very slightly contaminated
A: no striking features
a: no special abilities


You were on level 2 of the Dungeon.
You visited 1 branch of the dungeon, and saw 2 of its levels.

You collected 88 gold pieces.

Inventory:

Hand Weapons
 a - a +0 dagger (weapon)
Armour
 c - a +0 ring mail (worn)
Jewellery
 g - a ring of fire (left hand)
Scrolls
 d - a scroll of teleportation {unknown}
 e - a scroll of enchant armour {unknown}
 f - a scroll of vulnerability {unknown}
 h - a scroll of blinking {unknown}
Potions
 b - a potion of lignification {unknown}
 i - a potion of flight {unknown}


   Skills:
 * Level 2.3 Fighting
 - Level 1.0 Armour
 + Level 2.8 Dodging
 * Level 2.1 Stealth
 + Level 4.6 Spellcasting
 - Level 2.6 Transmutations
 + Level 0.2 Air Magic


You had 9 spell levels left.
You knew the following spells:

 Your Spells              Type           Power      Damage    Failure   Level
a - Static Discharge      Conj/Air       4%         N/A       52%         2

Your spell library contained the following spells:

 Spells                   Type           Power      Damage    Failure   Level
 Beastly Appendage        Tmut           24%        N/A       14%         1
 Wereblood                Tmut           12%        N/A       22%         2
 Sting                    Tmut/Pois      32%        1d4       24%         1
 Slow                     Hex            12%        N/A       38%         1
 Confusing Touch          Hex            3%         N/A       77%         3
 Vampiric Draining        Necr           3%         2d6       77%         3
 Lightning Bolt           Conj/Air       2%         1d13      100%        5
 Maxwell's Capacitive Co  Air            2%         ∞         100%        8


Dungeon Overview and Level Annotations

Branches:
Dungeon (2/15)

Altars:

Shops:
D:2 *


Message History

You hit the worm.
The worm is moderately wounded.
You hit the worm but do no damage.
The worm is moderately wounded.
The worm bites you!
* * * LOW HITPOINT WARNING * * *
You are too injured to fight recklessly!
You are too injured to fight recklessly!
You are too injured to fight recklessly!
You are too injured to fight recklessly!
You are too injured to fight recklessly!
You are too injured to fight recklessly!
You are too injured to fight recklessly!
You are too injured to fight recklessly!
You are too injured to fight recklessly!
You are too injured to fight recklessly!
You are too injured to fight recklessly!
You are too injured to fight recklessly!
You are too injured to fight recklessly!
You are too injured to fight recklessly!
Casting: Static Discharge (extremely dangerous; 52% risk of failure)
Confirm with . or Enter, or press ? or * to list all spells.
You don't know that spell.
Casting: Static Discharge (extremely dangerous; 52% risk of failure)
Confirm with . or Enter, or press ? or * to list all spells.
Okay, then.
Casting: Static Discharge (extremely dangerous; 52% risk of failure)
Confirm with . or Enter, or press ? or * to list all spells.
The spell is extremely dangerous to miscast (52% risk of failure)!
Continue anyway?
You miscast Static Discharge.
You are very lightly contaminated with residual magic.
Nothing appears to happen.
You hit the worm but do no damage. You punch the worm, but do no damage.
The worm is moderately wounded.
The worm bites you.
* * * LOW HITPOINT WARNING * * *
You hit the worm.
The worm is moderately wounded.
The worm bites you!
You die...

...........#.....
#............#.#### .
###............#.#... ..
#..............+.....
...#..............##....
.................#<#....
.................#.#..).
...[.............#......
......w@.........##.....
###...............#.....
..................###...
....#####...............
... #...........#### ..
#...........#... .
#...........#...
#...........#...
#...........#...


You could see a worm.

Vanquished Creatures
  An adder (D:2)
  5 dart slugs (D:1)
  2 bats
  2 endoplasms
  A giant cockroach (D:1)
  6 goblins
  4 hobgoblins
  2 jackals (D:1)
  A kobold (D:1)
  4 quokkas
  2 ball pythons (D:1)
  3 frilled lizards
  A rat (D:1)
34 creatures vanquished.

Notes
Turn   | Place    | Note
-------+----------+-------------------------------------------
     0 | D:1      | Hubjo the Deep Elf Wanderer began the quest for the Orb.
     0 | D:1      | Hubjo set off with the following items: a +0 dagger, a
                  | potion of heal wounds, a +0 ring mail; and the following
                  | spells available to memorise: Beastly Appendage, Sting,
                  | Wereblood
     0 | D:1      | Reached XP level 1. HP: 12/12 MP: 7/7
   295 | D:1      | Reached skill level 1 in Stealth
   295 | D:1      | Reached XP level 2. HP: 11/17 MP: 9/9
  1268 | D:1      | Reached XP level 3. HP: 13/21 MP: 11/11
  1858 | D:2      | HP: 1/21 [worm (4)]
  2518 | D:2      | Learned a level 2 spell: Static Discharge
  2709 | D:2      | Found Wekim's Assorted Antiques.
  2769 | D:2      | Mangled by a worm

Illustrated notes

Levels and vault maps discovered:
D:1:      lemuel_arrival_behind_the_door_large, layout_basic
D:2:      layout_basic, serial_shops, nicolae_shop_hallway_stairs,
          hellmonk_ecumenical_altar_run_dry

Skill      XL: |  1  2  3 |
---------------+----------+-----
Stealth        | 1 2 |  2.1
Fighting       | 2 |  2.3
Armour         | |  1.0
Dodging        | |  2.8
Spellcasting   | |  4.6
Transmutations | |  2.6
Air Magic      | |  0.2

Action                   || total
-------------------------++-------
Melee: Dagger            ||   248
       Punch             ||     5
  Use: Potion            ||     3
       Scroll            ||     1
 Stab: Sleeping          ||     1
Armor: Ring mail         ||   123
Dodge: Dodged            ||   163

Table legend: (Time is in decaauts)
 A = Elapsed time spent in this place.
 B = Non-inter-level travel time spent in this place.
 C = Inter-level travel time spent in this place.
 D = Time resting spent in this place.
 E = Time spent auto-exploring this place.
 F = Levels seen in this place.
 G = Mean time per level.
                   A        B        C        D        E       F      G
               +--------+--------+--------+--------+--------+-----+--------+
         Total |   2769 |   2759 |     10 |    450 |   1900 |   2 | 1384.5 |
       Dungeon |   2769 |   2759 |     10 |    450 |   1900 |   2 | 1384.5 |
               +--------+--------+--------+--------+--------+-----+--------+

Top non-repeatable levels by time:
     D:1: 2256 daAuts
     D:2: 513 daAuts
